 Dungeon Crawl Stone Soup version 0.28-b1-1-g3c77fb2ed1 (webtiles) character file.

Game seed: 10595672047329334735

183 zeram the Poker (level 5, -1/42 HPs)
             Began as a Merfolk Fighter on Jan 28, 2022.
             Frozen to death by an endoplasm (3 damage)
             ... on level 3 of the Dungeon.
             The game lasted 00:03:01 (1945 turns).

zeram the Poker (Merfolk Fighter)                   Turns: 1945, Time: 00:03:01

Health: -1/42      AC:  6    Str: 18    XL:     5   Next: 62%
Magic:  5/5        EV:  9    Int:  7    God:
Gold:   163        SH:  0    Dex: 14    Spells: 4/4 levels left

rFire   . . .      SeeInvis .   m - +2 flail (protect)
rCold   . . .      Faith    .   c - +0 buckler
rNeg    . . .      Spirit   .   b - +0 scale mail
rPois   .          Reflect  +   (no helmet)
rElec   .          Harm     .   (no cloak)
rCorr   .          Rampage  .   (no gloves)
Will    .....                   (no boots)
Stlth   ..........              i - amulet of reflection
HPRegen 0.14/turn               (no ring)
MPRegen 0.09/turn               (no ring)

@: confused
A: (nimble swimmer 2), mertail
a: no special abilities


You were on level 3 of the Dungeon.
You visited 1 branch of the dungeon, and saw 3 of its levels.

You collected 163 gold pieces.

Inventory:

Hand Weapons
 a - a +0 trident
 m - a +2 flail of protection (weapon)
Armour
 b - a +0 scale mail (worn)
 c - a +0 buckler (worn)
Jewellery
 i - an amulet of reflection (around neck)
Scrolls
 f - 2 scrolls of immolation
 g - 2 scrolls of amnesia {unknown}
 l - a scroll of blinking {unknown}
 n - a scroll of fog
Potions
 d - a potion of might
 e - a potion of heal wounds {unknown}
 h - 2 potions of magic {unknown}
 j - a potion of curing {unknown}
 k - a potion of degeneration {unknown}


   Skills:
 + Level 4.1 Fighting
 + Level 0.1 Maces & Flails
 - Level 4.8 Polearms
 + Level 3.0 Armour
 + Level 1.7 Dodging
 + Level 3.7 Shields


You had 4 spell levels left.
You didn't know any spells.
Your spell library contained the following spells:

 Spells                   Type           Power      Damage    Failure   Level
 Animate Dead             Necr           0%         N/A       100%        4
 Haunt                    Necr/Summ      0%         N/A       100%        7
 Infestation              Necr           0%         N/A       100%        8


Dungeon Overview and Level Annotations

Branches:
Dungeon (3/15)

Altars:


Innate Abilities, Weirdness & Mutations

((You are very nimble when in or above water. (Stealth+, EV+, Speed+++)))
Your lower body shifts to a powerful aquatic tail in water.


Message History

The endoplasm jiggles.
Something hits you but does no damage.
You miss something.
You hear some strange, mumbled words.
You are confused.
Something hits you but does no damage.
You closely miss something.
The endoplasm hits you but does no damage.
Something hits you but does no damage. The endoplasm freezes you.
You are frozen.
You bump into the rock wall.
Something hits you. The endoplasm hits you.
You bump into the rock wall.
Something hits you but does no damage. The endoplasm barely misses you.
You miss something. Something hits you. The endoplasm freezes you.
You are frozen.
* * * LOW HITPOINT WARNING * * *
Something hits you.
* * * LOW HITPOINT WARNING * * *
You closely miss something.
You feel less confused. The endoplasm freezes you.
You are frozen.
* * * LOW HITPOINT WARNING * * *
Something hits you.
* * * LOW HITPOINT WARNING * * *
The endoplasm hits you but does no damage.
You miss something. Something hits you but does no damage.
You block the endoplasm's attack.
You closely miss something. Something hits you but does no damage.
You block the endoplasm's attack.
You hear some strange, mumbled words.
You are confused.
You miss something.
The endoplasm hits you but does no damage.
Something hits you but does no damage. The endoplasm freezes you.
You are frozen.
You die...

.. .## ..#
..? .. #..#
....##.###..#
.......†....#
....##......#
............#
....###.†...#
... #{J...# .
#@##..#
#.##.?#
.##.##..#
............#
########....#
##...# ##..#
#..# ####..#


You could see an endoplasm.

Vanquished Creatures
  Jessica (D:2)
  Terence (D:2)
  4 gnolls
  An adder (D:2)
  A dart slug (D:1)
  3 orcs (D:3)
  6 bats
  6 endoplasms
  6 giant cockroaches
  6 hobgoblins
  7 kobolds
  6 quokkas
  7 ball pythons
  6 frilled lizards
  2 rats (D:1)
63 creatures vanquished.

Vanquished Creatures (others)
  An orc wizard (D:3)
1 creature vanquished.

Grand Total: 64 creatures vanquished

Notes
Turn   | Place    | Note
-------+----------+-------------------------------------------
     0 | D:1      | zeram the Merfolk Fighter began the quest for the Orb.
     0 | D:1      | Reached XP level 1. HP: 18/18 MP: 1/1
    89 | D:1      | Reached XP level 2. HP: 24/24 MP: 2/2
   477 | D:1      | Reached XP level 3. HP: 29/29 MP: 3/3
   595 | D:1      | Found a faded altar of an unknown god.
   790 | D:2      | Noticed Jessica
   799 | D:2      | Killed Jessica
   800 | D:2      | Reached skill level 1 in Dodging
   800 | D:2      | Reached XP level 4. HP: 26/37 MP: 4/4
  1408 | D:2      | Reached XP level 5. HP: 42/42 MP: 5/5
  1429 | D:2      | Noticed Terence
  1437 | D:2      | Killed Terence
  1942 | D:3      | HP: 1/42 [something (4)]
  1945 | D:3      | Frozen to death by an endoplasm

Illustrated notes

Levels and vault maps discovered:
D:1:      onia_arrival_pentagram, layout_rooms,
          chequers_ecumenical_altar_twisty, minmay_nonomino_d4
D:2:      layout_basic, minmay_hedge_maze, uniq_jessica, uniq_terence
D:3:      minmay_general_purpose_star, layout_rooms

Skill      XL: |  1  2  3  4  5 |
---------------+----------------+-----
Dodging        | 1 |  1.7
Polearms       | 4 |  4.8
Fighting       | 4 |  4.1
Armour         | 3 |  3.0
Maces & Flails | |  0.1
Shields        | |  3.7

Action                   |  1- 3 |  4- 6 || total
-------------------------+-------+-------++-------
Melee: Trident           |    99 |    76 ||   175
       Flail             |       |    36 ||    36
  Use: Scroll            |     3 |       ||     3
Armor: Scale mail        |    41 |    34 ||    75
Dodge: Dodged            |    47 |    23 ||    70
Block: Buckler           |    25 |    54 ||    79
       Reflection        |       |     1 ||     1
